 Dungeon Crawl Stone Soup version 0.21-a0-274-gc1afaeb (webtiles) character file.

6 Lavandula the Grasshopper (level 1, 0/17 HPs)
             Began as a Ghoul Warper on Sept 18, 2017.
             Slain by an adder (4 damage)
             ... on level 2 of the Dungeon.
             The game lasted 00:01:01 (243 turns).

Lavandula the Grasshopper (Ghoul Warper)             Turns: 243, Time: 00:01:02

Health: 0/17       AC:  3    Str: 14    XL:     1   Next: 90%
Magic:  2/2        EV: 11    Int:  8    God:
Gold:   7          SH:  0    Dex:  8    Spells: 3/3 levels left

rFire    . . .     SeeInvis .   a - +0 hand axe
rCold    + . .     Gourm    .   (no shield)
rNeg     + + +     Faith    .   b - +0 leather armour
rPois    ∞         Spirit   .   (no helmet)
rElec    .         Reflect  .   (no cloak)
rCorr    .         Harm     .   (no gloves)
MR       .....                  (no boots)
Stlth    +.........             (no amulet)
HPRegen  0.00/turn              (no ring)
MPRegen  0.08/turn              (no ring)

@: rotting
A: rotting body, claws 1, carnivore 3, cold resistance 1, negative energy
resistance 3, inhibited regeneration, torment resistance, unbreathing
a: no special abilities


You were on level 2 of the Dungeon.
You were not hungry.

You visited 1 branch of the dungeon, and saw 2 of its levels.

You collected 7 gold pieces.

Inventory:

Hand Weapons
 a - a +0 hand axe (weapon)
Missiles
 e - 5 tomahawks of dispersal (quivered)
 i - 8 tomahawks
Armour
 b - a +0 leather armour (worn)
 h - a cursed -1 ring mail
Scrolls
 d - a scroll of blinking
 j - a scroll of remove curse {unknown}
Books
 c - a book of Spatial Translocations

   Spells                             Type                      Level
   a - Blink                          Translocation                2
   b - Shroud of Golubria             Charms/Translocation         2
   c - Lesser Beckoning               Translocation                3
   d - Gell's Gravitas                Translocation                3
   e - Teleport Other                 Translocation                3
   f - Passage of Golubria            Translocation                4
Comestibles
 f - a meat ration


   Skills:
 - Level 2.1 Fighting
 + Level 2.3 Axes
 - Level 0.8 Throwing
 - Level 0.8 Armour
 - Level 1.7 Dodging
 - Level 1.7 Spellcasting
   Level 2.6 Translocations


You had 3 spell levels left.
You didn't know any spells.

Dungeon Overview and Level Annotations

Branches:
Dungeon (2/15)

Altars:


Innate Abilities, Weirdness & Mutations

Your body is rotting away.
You thrive on raw meat.
You are immune to poison.
You have sharp fingernails.
You are carnivorous and can eat meat at any time.
Your flesh is cold resistant. (rC+)
You are immune to negative energy. (rN+++)
You do not regenerate when monsters are visible.
You are immune to unholy pain and torment.
You can survive without breathing.


Message History

The adder bites you.
A goblin comes into view. It is wielding a club.
Found 10 gold pieces.
You barely miss the adder. The adder bites you. x2
You closely miss the adder. The adder bites you.
You barely miss the adder. The adder bites you but does no damage.
The adder bites you.
* * * LOW HITPOINT WARNING * * *
Eat a chunk of flesh? (ye/n/q)
You eat the chunk of flesh.
This raw flesh tastes great!
The goblin hits you but does no damage. The adder closely misses you.
You aren't carrying any potions.
Unknown command.
You hit the adder but do no damage. You barely miss the goblin.
The adder bites you.
* * * LOW HITPOINT WARNING * * *
The goblin hits you but does no damage. The adder completely misses you.
You hit the adder but do no damage. You closely miss the goblin.
The goblin barely misses you. The adder bites you.
You die...

..........# .......
........>.# .......
..######..##...$...
#.......#.......
#.......#.......
#...............
#....wr#........
#####S##.#gw..##
#@##......#
#...g.......#
#...........#
#.......... #
#......#....
#......#....#
######.# # $.


You could see an adder, a dart slug, a goblin and a rat.

Vanquished Creatures
  A dart slug (D:1)
  A goblin (D:2)
  A hobgoblin (D:2)
  A bat (D:2)
4 creatures vanquished.

Notes
Turn   | Place    | Note
-------+----------+-------------------------------------------
     0 | D:1      | Lavandula the Ghoul Warper began the quest for the Orb.
     0 | D:1      | Reached XP level 1. HP: 17/17 MP: 2/2
   243 | D:2      | Slain by an adder

Vault maps used:
D:1:      dpeg_arrival_tiny_j, minmay_shallow_snake_nest
D:2:      uniq_sigmund

Skill      XL: |  1 |
---------------+----+-----
Axes           | 2 |  2.3
Fighting       | |  2.1
Throwing       | |  0.8
Armour         | |  0.8
Dodging        | |  1.7
Spellcasting   | |  1.7
Translocations | |  2.6

Action                   || total
-------------------------++-------
Melee: Hand axe          ||    23
  Eat: Chunk             ||     3
Armor: Leather armour    ||     9
Dodge: Dodged            ||     9

Table legend:
 A = Spawn XP
 B = Non-spawn XP
 C = Spawn XP percentage of total XP
 D = Spawn monster count
 E = Non-spawn monster count
 F = Spawn count percentage of total count
 G = Total turns spent on level
                    A         B        C        D         E        F      G
               +---------+---------+-------+---------+---------+-------+---------
         Total |       0 |       9 |   0.0 |       0 |       4 |   0.0 |   243
               +---------+---------+-------+---------+---------+-------+---------
           D:1 |       0 |       4 |   0.0 |       0 |       1 |   0.0 |    73
           D:2 |       0 |       5 |   0.0 |       0 |       3 |   0.0 |   170
               +---------+---------+-------+---------+---------+-------+---------
